 Dungeon Crawl Stone Soup version 0.21.0-22-g11d5b52 (webtiles) character file.

535 Mgcat the Cleaver (level 7, 0/57 HPs)
             Began as a Hill Orc Monk on Jan 18, 2018.
             Slain by a worker ant (2 damage)
             ... on level 4 of the Dungeon.
             The game lasted 00:08:35 (4707 turns).

Mgcat the Cleaver (Hill Orc Monk)                   Turns: 4707, Time: 00:08:35

Health: 0/57       AC:  7    Str: 15    XL:     7   Next: 25%
Magic:  7/7        EV: 10    Int: 10    God:
Gold:   87         SH:  3    Dex: 14    Spells: 6/6 levels left

rFire    . . .     SeeInvis .   s - +0 war axe
rCold    . . .     Gourm    .   (no shield)
rNeg     . . .     Faith    .   i - +0 scale mail
rPois    .         Spirit   .   r - +0 helmet (curse)
rElec    .         Reflect  +   (no cloak)
rCorr    .         Harm     .   (no gloves)
MR       .....                  (no boots)
Stlth    ..........             m - +3 amulet of reflection
HPRegen  0.19/turn              (no ring)
MPRegen  0.10/turn              (no ring)

@: no status effects
A: no striking features
a: no special abilities


You were on level 4 of the Dungeon.
You were very hungry.

You visited 1 branch of the dungeon, and saw 5 of its levels.

You collected 164 gold pieces.
You spent 77 gold pieces at shops.

Inventory:

Hand Weapons
 s - a +0 war axe (weapon)
Armour
 i - a +0 scale mail (worn)
 r - a cursed +0 helmet (worn)
Jewellery
 m - a +3 amulet of reflection (around neck)
Scrolls
 l - 3 scrolls of identify
 p - a scroll of amnesia
Potions
 a - a potion of lignification {unknown}
 e - 3 potions of might
 f - 3 potions of curing {unknown}
 j - 5 potions of heal wounds
 o - 2 potions of ambrosia {unknown}
 q - a potion of berserk rage {unknown}
 t - a potion of resistance {unknown}
 u - a potion of cancellation {unknown}
 v - 2 potions of degeneration
 z - a potion of magic {unknown}
Comestibles
 c - 14 rations


   Skills:
 - Level 3.6 Fighting
 + Level 10.5 Axes
 - Level 2.4 Dodging
 - Level 1.5 Stealth


You had 6 spell levels left.
You didn't know any spells.

Dungeon Overview and Level Annotations

Branches:
Dungeon (5/15)
 Temple: D:4-7

Altars:
Fedhas
Hepliaklqana
Kikubaaqudgha
Nemelex Xobeh
Zin

Shops:
D:4 !


Message History

You feel sick. The worker ant bites you.
* * * LOW HITPOINT WARNING * * *
The worker ant bites you but does no damage.
The worker ant waves its antennae.
You feel sick.
You feel sick.
You feel sick. The worker ant barely misses you.
You feel sick.
You feel sick.
The worker ant bites you but does no damage.
You feel sick.
The worker ant bites you but does no damage.
You feel sick.
You feel sick.
The worker ant bites you but does no damage.
You feel sick.
You are no longer poisoned.
The worker ant bites you.
You die...

#......#..........>.
##.##..#.#########..
#..#..#.#........#.
##.#..#....#####.#.
#.#..#........#.#.
#.#..#.....#....#.
#.#..#.....#..###.
###.####.#.#.#..#.#.
#..@#....#.#......#.
###a#.####.#......#.
#.#.##.......)..#.
#.#.##)#.#....#.#.
#.#.##.#<.....#.#.
#.#.##.#.######[#.
#.#.##.#........#.
#.#.##.##########.
#.#.#.............


You could see a worker ant.

Vanquished Creatures
  A necrophage (D:5)
  2 ogres (D:4)
  A scorpion (D:3)
  An iguana (D:4)
  2 orc wizards (D:4)
  2 worker ants
  3 adders
  2 dart slugs
  2 leopard geckos (D:3)
  10 orcs
  7 bats
  A giant cockroach (D:4)
  7 goblins
  9 hobgoblins
  5 jackals (D:1)
  A quokka (D:4)
  4 ball pythons
  5 frilled lizards
  4 kobolds
  A leopard gecko zombie (D:5)
  5 rats
75 creatures vanquished.

Notes
Turn   | Place    | Note
-------+----------+-------------------------------------------
     0 | D:1      | Mgcat the Hill Orc Monk began the quest for the Orb.
     0 | D:1      | Reached XP level 1. HP: 19/19 MP: 1/1
   252 | D:1      | Reached XP level 2. HP: 20/26 MP: 2/2
   468 | D:1      | Reached skill level 5 in Axes
   749 | D:1      | Reached XP level 3. HP: 28/31 MP: 3/3
  1363 | D:2      | Reached skill level 6 in Axes
  1885 | D:3      | Reached XP level 4. HP: 33/39 MP: 4/4
  2083 | D:3      | Found a glowing silver altar of Zin.
  2083 | D:3      | Found a blossoming altar of Fedhas.
  2284 | D:3      | Found an ancient bone altar of Kikubaaqudgha.
  2287 | D:3      | Found a sparkling altar of Nemelex Xobeh.
  2328 | D:3      | Reached skill level 7 in Axes
  2328 | D:3      | Reached XP level 5. HP: 25/45 MP: 5/5
  2803 | D:3      | Found a hazy altar of Hepliaklqana.
  3092 | D:4      | Noticed an ogre
  3095 | D:4      | Killed an ogre
  3095 | D:4      | Reached skill level 8 in Axes
  3095 | D:4      | Reached XP level 6. HP: 37/51 MP: 6/6
  3478 | D:4      | Found Gofetuc's Distillery.
  3484 | D:4      | Bought 2 potions of degeneration for 22 gold pieces
  3484 | D:4      | Bought a potion of heal wounds for 55 gold pieces
  3566 | D:4      | Reached skill level 9 in Axes
  4430 | D:5      | Entered Level 5 of the Dungeon
  4465 | D:5      | Noticed a necrophage
  4467 | D:5      | Reached skill level 10 in Axes
  4476 | D:5      | Killed a necrophage
  4476 | D:5      | Reached XP level 7. HP: 45/57 MP: 7/7
  4694 | D:4      | HP: 2/57 [poisoned by a worker ant]
  4702 | D:4      | HP: 2/57 [poisoned by a worker ant]
  4707 | D:4      | Slain by a worker ant

Skill      XL: |  1  2  3  4  5  6 |
---------------+-------------------+-----
Axes           | 5 6 7 8 10 | 10.5
Fighting       | |  3.6
Dodging        | |  2.4
Stealth        | |  1.5

Action                   |  1- 3 |  4- 6 |  7- 9 || total
-------------------------+-------+-------+-------++-------
Melee: Hand axe          |    40 |       |       ||    40
       Dagger            |   157 |    72 |       ||   229
       War axe           |       |   115 |    22 ||   137
  Use: Scroll            |       |     6 |       ||     6
 Stab: Sleeping          |     1 |       |       ||     1
  Eat: Chunk             |     2 |     9 |       ||    11
Armor: Ring mail         |    16 |       |       ||    16
       Scale mail        |    29 |    46 |    10 ||    85
Dodge: Dodged            |    76 |    64 |    10 ||   150
Block: Other             |    11 |    16 |     2 ||    29
